General information
- name: BNet
- type: Ladder team game (AT/RT)
- host: Battle.net
- saver: RideMyCarousel
map: Deadlock
- players: 8
- length: 47:43
- speed: Fast
- version: 1.27 W3XP
- replay type: Public
» download(306 KB)
Players
team 1 (loser)
lord-nadlei (
red | 86 APM | 2217 actions | 25:47)
4 Demon Hunter
2 Mana Burn
2 Evasion
3 Dark Ranger
2 Black Arrow
1 Silence
» actions
| Assign group hotkey | 90 | |
| Basic commands | 15 | |
| Build / train | 71 | |
| ESC pressed | 6 | |
| Enter build submenu | 17 | |
| Enter hero's abilities submenu | 7 | |
| Give item / drop item | 2 | |
| Right click | 1111 | |
| Select / deselect | 215 | |
| Select group hotkey | 632 | |
| Use ability | 51 | |
2217 total
» units
| Wisp | 19 | |
| Archer | 8 | |
| Huntress | 2 | |
| Druid of the Talon | 2 | |
| Chimaera | 7 | |
| Hippogryph | 9 | |
47 total
» upgrades
| Strength of the Moon | 1 | |
| Corrosive Breath | 1 | |
2 total
» buildings
| Altar of Elders | 1 | |
| Moon Well | 7 | |
| Ancient of War | 1 | |
| Hunter's Hall | 1 | |
| Tree of Ages | 1 | |
| Tree of Life | 4 | |
| Tree of Eternity | 1 | |
| Ancient of Wind | 1 | |
| Chimaera Roost | 2 | |
19 total
» build order
00:09 Altar of Elders
00:14 Moon Well
00:48 Ancient of War
01:35 Moon Well
02:10 Hunter's Hall
02:26 Moon Well
03:28 Tree of Ages
06:29 Tree of Life
06:48 Tree of Eternity
06:55 Ancient of Wind
09:06 Tree of Life
09:11 Chimaera Roost
09:13 Chimaera Roost
09:19 Moon Well
09:19 Moon Well
10:27 Moon Well
12:04 Moon Well
15:01 Tree of Life
18:46 Tree of Life
» items
SHAME-GAME. (
green | 47 APM | 2265 actions | 47:43)
6 Far Seer
3 Feral Spirit
2 Chain Lighting
1 Earth Quake
» actions
| Assign group hotkey | 46 | |
| Basic commands | 20 | |
| Build / train | 70 | |
| Enter build submenu | 38 | |
| Enter hero's abilities submenu | 6 | |
| Give item / drop item | 1 | |
| Remove unit from queue | 2 | |
| Right click | 1018 | |
| Select / deselect | 311 | |
| Select group hotkey | 629 | |
| Use ability | 124 | |
2265 total
» units
| Peon | 16 | |
| Grunt | 3 | |
| Wind Rider | 4 | |
| Troll Batrider | 2 | |
| Raider | 6 | |
31 total
» upgrades
| Reinforced Defenses | 1 | |
| Ranged Weapons | 2 | |
| Armor | 3 | |
| Envenomed Spears | 1 | |
| Liquid Fire | 1 | |
| Melee Weapons | 1 | |
9 total
» buildings
| Altar of Storms | 1 | |
| Orc Burrow | 7 | |
| Barracks | 1 | |
| Stronghold | 3 | |
| Voodoo Lounge | 2 | |
| Great Hall | 1 | |
| War Mill | 1 | |
| Watch Tower | 33 | |
| Fortress | 2 | |
| Beastiary | 4 | |
| Altar of Elders | 1 | |
56 total
» build order
00:10 Altar of Storms
00:22 Orc Burrow
00:42 Barracks
01:34 Orc Burrow
02:46 Stronghold
02:47 Stronghold
03:31 Voodoo Lounge
03:57 Great Hall
04:17 War Mill
04:39 Orc Burrow
05:33 Watch Tower
05:58 Watch Tower
05:58 Watch Tower
06:47 Watch Tower
06:59 Fortress
06:59 Fortress
07:03 Beastiary
07:21 Watch Tower
08:45 Beastiary
08:54 Watch Tower
08:54 Watch Tower
08:56 Watch Tower
08:57 Watch Tower
09:36 Beastiary
10:24 Orc Burrow
10:49 Orc Burrow
11:34 Orc Burrow
11:49 Watch Tower
12:47 Watch Tower
15:52 Watch Tower
15:56 Watch Tower
16:14 Beastiary
17:14 Watch Tower
17:14 Watch Tower
17:14 Watch Tower
20:43 Voodoo Lounge
21:21 Watch Tower
21:21 Watch Tower
21:22 Watch Tower
21:22 Watch Tower
21:23 Watch Tower
21:23 Watch Tower
22:04 Watch Tower
22:04 Watch Tower
22:57 Watch Tower
22:58 Watch Tower
22:58 Watch Tower
23:54 Watch Tower
23:54 Watch Tower
23:54 Watch Tower
26:29 Watch Tower
26:30 Watch Tower
26:30 Watch Tower
27:22 Orc Burrow
35:35 Altar of Elders
» items
| Healing Salve | 2 | |
| Staff of Teleportation | 1 | |
| Potion of Lesser Invulnerability | 1 | |
| Scroll of Town Portal | 3 | |
| Potion of Invisibility | 1 | |
| Orb of Lightning | 1 | |
| Tiny Great Hall | 1 | |
| Scroll of Healing | 1 | |
11 total
homelessbob (
purple | 84 APM | 1786 actions | 21:10)
3 Crypt Lord
2 Carrion Beetles
1 Impale
3 Death Knight
2 Death Coil
1 Unholy Aura
» actions
| Assign group hotkey | 114 | |
| Basic commands | 55 | |
| Build / train | 107 | |
| ESC pressed | 2 | |
| Enter build submenu | 15 | |
| Enter hero's abilities submenu | 6 | |
| Right click | 807 | |
| Select / deselect | 305 | |
| Select group hotkey | 331 | |
| Use ability | 44 | |
1786 total
» units
| Acolyte | 17 | |
| Ghoul | 8 | |
| Crypt Fiend | 11 | |
| Necromancer | 6 | |
42 total
» upgrades
| Creature Attack | 2 | |
| Web | 1 | |
| Creature Carapace | 2 | |
| Ghoul Frenzy | 1 | |
| Skeletal Longevity | 1 | |
7 total
» buildings
| Crypt | 1 | |
| Ziggurat | 8 | |
| Altar of Darkness | 1 | |
| Nerubian Tower | 2 | |
| Graveyard | 1 | |
| Halls of the Dead | 4 | |
| Spirit Tower | 19 | |
| Black Citadel | 6 | |
| Temple of the Damned | 1 | |
| Sacrificial Pit | 1 | |
44 total
» build order
00:10 Crypt
00:11 Ziggurat
00:34 Altar of Darkness
01:06 Nerubian Tower
01:16 Ziggurat
03:02 Graveyard
03:06 Ziggurat
04:56 Halls of the Dead
04:56 Halls of the Dead
04:56 Halls of the Dead
05:42 Ziggurat
05:44 Ziggurat
05:49 Ziggurat
06:11 Ziggurat
06:36 Nerubian Tower
06:37 Spirit Tower
06:38 Spirit Tower
06:38 Spirit Tower
06:44 Spirit Tower
06:44 Spirit Tower
06:45 Spirit Tower
07:03 Spirit Tower
07:03 Spirit Tower
07:03 Spirit Tower
07:04 Spirit Tower
09:04 Black Citadel
09:12 Temple of the Damned
10:00 Sacrificial Pit
11:08 Black Citadel
11:09 Black Citadel
11:09 Black Citadel
11:09 Black Citadel
13:40 Spirit Tower
13:40 Spirit Tower
13:41 Spirit Tower
13:41 Spirit Tower
13:43 Spirit Tower
13:44 Spirit Tower
13:44 Spirit Tower
14:22 Ziggurat

»
Wanderson.Cruz (
yellow | 94 APM | 2540 actions | 27:04)
5 Dark Ranger
3 Black Arrow
2 Silence
3 Keeper of the Grove
2 Entangling Roots
1 Thorns Aura
1 Priestess of the Moon
1 Trueshot Aura
» actions
| Assign group hotkey | 34 | |
| Build / train | 109 | |
| Enter build submenu | 21 | |
| Enter hero's abilities submenu | 9 | |
| Remove unit from queue | 10 | |
| Right click | 1774 | |
| Select / deselect | 492 | |
| Select group hotkey | 12 | |
| Use ability | 79 | |
2540 total
» units
| Wisp | 17 | |
| Archer | 12 | |
| Dryad | 4 | |
| Hippogryph | 13 | |
| Druid of the Talon | 2 | |
| Druid of the Claw | 1 | |
49 total
» upgrades
| Ultravision | 1 | |
| Strength of the Moon | 3 | |
| Hippogryph Taming | 1 | |
| Abolish Magic | 1 | |
| Moon Armor | 1 | |
| Improved Bows | 1 | |
| Druid of the Claw Training | 2 | |
| Well Spring | 1 | |
| Marksmanship | 1 | |
| Mark of the Claw | 1 | |
13 total
» buildings
| Moon Well | 7 | |
| Altar of Elders | 1 | |
| Ancient of War | 1 | |
| Tree of Ages | 2 | |
| Hunter's Hall | 1 | |
| Ancient of Wonders | 1 | |
| Ancient of Lore | 1 | |
| Ancient of Wind | 1 | |
| Tree of Eternity | 3 | |
| Ancient Protector | 3 | |
| Tree of Life | 2 | |
23 total
» build order
00:12 Moon Well
00:46 Altar of Elders
01:11 Moon Well
01:32 Ancient of War
02:42 Tree of Ages
03:18 Hunter's Hall
04:04 Moon Well
04:34 Ancient of Wonders
05:35 Ancient of Lore
06:17 Ancient of Wind
06:45 Moon Well
08:01 Moon Well
10:51 Tree of Eternity
10:51 Tree of Eternity
12:03 Moon Well
14:17 Ancient Protector
14:21 Ancient Protector
14:25 Ancient Protector
16:00 Tree of Life
21:30 Tree of Life
21:43 Moon Well
» items
| Moonstone | 1 | |
| Lesser Clarity Potion | 1 | |
| Scroll of Town Portal | 1 | |
3 total
team 2 (winner)
a6a (
orange | 97 APM | 3955 actions | 40:36)
5 Archmage
3 Summon Water Elemental
2 Brilliance Aura
4 Firelord
2 Summon Lava Spawn
2 Soul Burn
4 Dark Ranger
2 Black Arrow
2 Silence
» actions
| Assign group hotkey | 50 | |
| Basic commands | 539 | |
| Build / train | 163 | |
| Enter build submenu | 33 | |
| Enter hero's abilities submenu | 14 | |
| Remove unit from queue | 1 | |
| Right click | 863 | |
| Select / deselect | 802 | |
| Select group hotkey | 1185 | |
| Use ability | 304 | |
3955 total
» units
| Peasant | 28 | |
| Footman | 10 | |
| Sorceress | 16 | |
| Priest | 9 | |
| Knight | 5 | |
| Spell Breaker | 5 | |
73 total
» upgrades
| Defend | 1 | |
| Lumber Harvesting | 2 | |
| Swords | 1 | |
| Plating | 3 | |
| Sorceress Training | 2 | |
| Priest Training | 2 | |
| Control Magic | 1 | |
| Animal War Training | 1 | |
13 total
» buildings
| Farm | 14 | |
| Altar of Kings | 1 | |
| Barracks | 1 | |
| Scout Tower | 9 | |
| Arcane Tower | 8 | |
| Arcane Vault | 2 | |
| Keep | 1 | |
| Lumber Mill | 1 | |
| Blacksmith | 1 | |
| Town Hall | 2 | |
| Guard Tower | 10 | |
| Castle | 4 | |
| Arcane Sanctum | 2 | |
56 total
» build order
00:24 Farm
00:41 Altar of Kings
00:55 Barracks
01:01 Farm
01:41 Farm
01:49 Scout Tower
02:02 Scout Tower
02:17 Arcane Tower
02:17 Arcane Tower
02:22 Farm
02:32 Arcane Vault
02:47 Arcane Tower
02:48 Arcane Tower
02:48 Arcane Tower
02:48 Arcane Tower
04:13 Keep
04:34 Lumber Mill
04:40 Blacksmith
05:14 Town Hall
05:17 Scout Tower
05:19 Scout Tower
05:22 Scout Tower
05:25 Scout Tower
05:51 Farm
05:57 Arcane Vault
06:00 Guard Tower
06:09 Arcane Tower
06:19 Guard Tower
07:22 Castle
07:22 Castle
07:23 Castle
07:23 Castle
07:52 Arcane Sanctum
07:56 Arcane Sanctum
08:11 Farm
08:56 Farm
11:16 Farm
11:42 Farm
12:38 Farm
12:43 Scout Tower
12:44 Scout Tower
12:46 Scout Tower
13:14 Guard Tower
13:15 Guard Tower
13:15 Guard Tower
13:28 Guard Tower
13:28 Guard Tower
13:28 Guard Tower
13:29 Guard Tower
14:14 Farm
16:15 Farm
16:37 Farm
17:35 Farm
29:05 Town Hall
» items
| Scroll of Town Portal | 5 | |
| Potion of Healing | 1 | |
6 total
2851858158 (
teal | 71 APM | 3391 actions | 47:43)
9 Blademaster
3 Wind Walk
3 Critical Strike
1 Bladestorm
2 Mirror Image
» actions
| Assign group hotkey | 92 | |
| Basic commands | 193 | |
| Build / train | 118 | |
| Enter build submenu | 43 | |
| Enter hero's abilities submenu | 9 | |
| Give item / drop item | 20 | |
| Right click | 1013 | |
| Select / deselect | 378 | |
| Select group hotkey | 1215 | |
| Use ability | 310 | |
3391 total
» units
| Peon | 14 | |
| Grunt | 3 | |
| Wind Rider | 7 | |
| Troll Batrider | 12 | |
| Raider | 4 | |
| Kodo Beast | 1 | |
41 total
» upgrades
| Berserker Strength | 1 | |
| Pillage | 1 | |
| Armor | 3 | |
| Ranged Weapons | 3 | |
| Reinforced Defenses | 1 | |
| Liquid Fire | 1 | |
| Troll Regeneration | 1 | |
| Envenomed Spears | 1 | |
| Spiked Barricades | 2 | |
| Ensnare | 1 | |
| War Drums Damage Increase | 1 | |
| Melee Weapons | 3 | |
19 total
» buildings
| Orc Burrow | 6 | |
| Altar of Storms | 1 | |
| Barracks | 1 | |
| Voodoo Lounge | 2 | |
| Stronghold | 2 | |
| Great Hall | 2 | |
| War Mill | 1 | |
| Watch Tower | 20 | |
| Fortress | 2 | |
| Beastiary | 4 | |
41 total
» build order
00:04 Orc Burrow
01:20 Altar of Storms
01:22 Barracks
01:32 Orc Burrow
02:20 Voodoo Lounge
03:03 Orc Burrow
03:54 Stronghold
04:34 Great Hall
04:53 Orc Burrow
05:50 War Mill
06:09 Orc Burrow
07:18 Watch Tower
07:19 Watch Tower
07:29 Watch Tower
08:23 Watch Tower
09:47 Fortress
09:47 Fortress
11:05 Beastiary
11:07 Beastiary
11:09 Watch Tower
11:10 Watch Tower
11:13 Watch Tower
11:17 Watch Tower
11:25 Watch Tower
15:37 Orc Burrow
15:40 Watch Tower
17:58 Beastiary
18:04 Beastiary
19:21 Watch Tower
23:07 Watch Tower
23:40 Great Hall
23:49 Watch Tower
23:50 Watch Tower
23:51 Watch Tower
23:53 Watch Tower
24:02 Watch Tower
24:16 Watch Tower
25:38 Voodoo Lounge
30:50 Watch Tower
30:51 Watch Tower
» items
| Healing Salve | 4 | |
| Lesser Clarity Potion | 7 | |
| Boots of Speed | 4 | |
| Staff of Teleportation | 1 | |
| Scroll of Town Portal | 3 | |
| Scroll of Regeneration | 1 | |
| Potion of Mana | 3 | |
| Potion of Healing | 1 | |
| Orb of Lightning | 1 | |
| Tiny Great Hall | 1 | |
26 total
RideMyCarousel (
pink | 48 APM | 2302 actions | 47:43)
8 Archmage
3 Summon Water Elemental
3 Brilliance Aura
1 Mass Teleport
1 Blizzard
1 Blademaster
1 Mirror Image
» actions
| Assign group hotkey | 87 | |
| Basic commands | 245 | |
| Build / train | 92 | |
| Enter build submenu | 61 | |
| Enter hero's abilities submenu | 10 | |
| Give item / drop item | 6 | |
| Remove unit from queue | 2 | |
| Right click | 835 | |
| Select / deselect | 464 | |
| Select group hotkey | 304 | |
| Use ability | 196 | |
2302 total
» units
| Peasant | 19 | |
| Footman | 5 | |
| Gryphon Rider | 6 | |
| Dragonhawk Rider | 3 | |
33 total
» upgrades
| Lumber Harvesting | 2 | |
| Masonry | 3 | |
| Animal War Training | 1 | |
| Swords | 3 | |
| Armor | 3 | |
| Storm Hammers | 1 | |
| Cloud | 1 | |
| Magic Sentry | 1 | |
15 total
» buildings
| Altar of Kings | 1 | |
| Barracks | 1 | |
| Farm | 14 | |
| Scout Tower | 51 | |
| Keep | 1 | |
| Lumber Mill | 2 | |
| Town Hall | 3 | |
| Arcane Tower | 1 | |
| Arcane Vault | 2 | |
| Guard Tower | 12 | |
| Castle | 1 | |
| Gryphon Aviary | 4 | |
| Blacksmith | 2 | |
| Arcane Sanctum | 1 | |
96 total
» build order
00:37 Altar of Kings
00:49 Barracks
00:51 Farm
00:53 Farm
01:04 Farm
01:13 Farm
01:43 Farm
02:09 Scout Tower
03:51 Keep
04:16 Lumber Mill
04:19 Town Hall
04:21 Scout Tower
04:22 Scout Tower
04:22 Scout Tower
04:23 Scout Tower
04:35 Arcane Tower
04:39 Arcane Vault
05:36 Guard Tower
05:37 Guard Tower
05:38 Guard Tower
06:46 Castle
08:03 Gryphon Aviary
08:03 Gryphon Aviary
08:04 Gryphon Aviary
08:04 Gryphon Aviary
08:15 Blacksmith
08:16 Blacksmith
08:20 Farm
08:53 Scout Tower
08:53 Scout Tower
08:54 Scout Tower
08:55 Scout Tower
09:24 Guard Tower
10:07 Guard Tower
11:25 Lumber Mill
13:05 Arcane Sanctum
14:58 Farm
14:59 Farm
15:00 Farm
15:02 Farm
15:03 Farm
15:03 Farm
15:04 Farm
15:04 Farm
19:17 Town Hall
19:22 Scout Tower
19:22 Scout Tower
19:23 Scout Tower
19:23 Scout Tower
19:24 Scout Tower
19:24 Scout Tower
19:24 Scout Tower
19:26 Scout Tower
19:30 Scout Tower
19:31 Scout Tower
19:31 Scout Tower
21:45 Guard Tower
22:49 Town Hall
22:52 Scout Tower
22:53 Scout Tower
22:54 Scout Tower
22:55 Scout Tower
22:56 Scout Tower
22:56 Scout Tower
22:57 Scout Tower
22:57 Scout Tower
23:40 Guard Tower
24:05 Guard Tower
24:37 Arcane Vault
28:01 Scout Tower
28:02 Scout Tower
28:03 Scout Tower
28:03 Scout Tower
28:05 Scout Tower
28:08 Scout Tower
28:08 Scout Tower
28:09 Scout Tower
28:09 Scout Tower
28:12 Scout Tower
28:13 Scout Tower
28:14 Scout Tower
28:14 Scout Tower
28:15 Scout Tower
28:17 Scout Tower
28:18 Scout Tower
28:19 Scout Tower
28:21 Scout Tower
28:22 Scout Tower
28:23 Scout Tower
28:23 Scout Tower
28:42 Guard Tower
29:00 Scout Tower
29:01 Scout Tower
30:36 Guard Tower
30:42 Guard Tower
31:52 Guard Tower
» items
| Scroll of Regeneration | 4 | |
| Mechanical Critter | 2 | |
| Periapt of Vitality | 1 | |
| Boots of Speed | 1 | |
| Scroll of Town Portal | 4 | |
| Staff of Sanctuary | 1 | |
| Staff of Teleportation | 1 | |
| Healing Salve | 1 | |
| Potion of Healing | 1 | |
16 total

»
Jimme (
blue | 22 APM | 1027 actions | 47:43)
6 Demon Hunter
1 Immolation
2 Mana Burn
2 Evasion
1 Metamorphosis
» actions
| Basic commands | 41 | |
| Build / train | 90 | |
| Enter build submenu | 31 | |
| Enter hero's abilities submenu | 6 | |
| Right click | 380 | |
| Select / deselect | 406 | |
| Use ability | 73 | |
1027 total
» units
| Wisp | 34 | |
| Archer | 11 | |
| Huntress | 3 | |
| Hippogryph | 13 | |
| Druid of the Talon | 2 | |
63 total
» upgrades
| Strength of the Moon | 2 | |
| Moon Armor | 2 | |
| Improved Bows | 1 | |
| Hippogryph Taming | 1 | |
| Ultravision | 1 | |
| Druid of the Talon Training | 2 | |
| Marksmanship | 1 | |
10 total
» buildings
| Altar of Elders | 1 | |
| Moon Well | 12 | |
| Ancient of War | 2 | |
| Hunter's Hall | 1 | |
| Tree of Ages | 1 | |
| Tree of Life | 5 | |
| Ancient Protector | 4 | |
| Ancient of Wind | 2 | |
| Ancient of Wonders | 1 | |
| Tree of Eternity | 1 | |
30 total
» build order
00:27 Altar of Elders
00:35 Moon Well
01:21 Moon Well
01:30 Ancient of War
02:00 Ancient of War
02:23 Moon Well
02:59 Moon Well
04:12 Hunter's Hall
05:23 Tree of Ages
06:03 Tree of Life
06:49 Moon Well
08:38 Ancient Protector
08:42 Ancient Protector
08:46 Ancient Protector
08:50 Ancient Protector
10:17 Moon Well
10:25 Ancient of Wind
11:41 Tree of Life
11:56 Ancient of Wonders
12:54 Ancient of Wind
14:19 Tree of Life
14:25 Moon Well
15:24 Moon Well
19:21 Tree of Eternity
19:25 Moon Well
21:31 Moon Well
21:50 Moon Well
21:53 Moon Well
26:03 Tree of Life
26:11 Tree of Life
» items
| Potion of Healing | 2 | |
| Orb of Fire | 1 | |
| Scroll of Town Portal | 4 | |
| Potion of Lesser Invulnerability | 1 | |
8 total
Chat log
(03:29 / Allies) RideMyCarousel: yes those are expos
(03:31 / Allies) RideMyCarousel: we know
(03:35 / Allies) RideMyCarousel: orange I don't need help
(03:48 / Allies) RideMyCarousel: thx for pinging retard blue
(03:55 / Allies) 2851858158: lol
(08:18 / Allies) 2851858158: omw
(09:26 / All) SHAME-GAME.: nobody helping blue?
(09:39 / Allies) RideMyCarousel: lumnber
(10:24 / All) 2851858158: lol
(13:47 / Allies) 2851858158: inc red
(15:14 / Allies) 2851858158: wood me if you can
(15:20 / Allies) 2851858158: ty
(15:42 / All) lord-nadlei: who is mh?
(15:50 / All) RideMyCarousel: yo mama
(16:14 / Allies) Jimme: massing hip
(17:22 / Allies) Jimme: b
(17:30 / Allies) RideMyCarousel: tp fuckers
(17:35 / Allies) RideMyCarousel: orange
(17:36 / Allies) RideMyCarousel: tp
(17:44 / Allies) RideMyCarousel: retard
(17:46 / Allies) Jimme: fight in a main
(17:52 / Allies) RideMyCarousel: lost two
(17:54 / Allies) RideMyCarousel: thanks retards
(18:00 / All) RideMyCarousel: DO NOT TP IN WITH AA
(18:02 / All) RideMyCarousel: AGAINST AIR
(18:04 / All) RideMyCarousel: THAT WOULD BE A MISTAKE!!!!
(18:07 / All) RideMyCarousel: BLUE SIT IN YOUR BASE
(18:12 / All) RideMyCarousel: LIKE A GOOD PORCH MONKEY
(18:15 / All) RideMyCarousel: RETARDED FUCK
(18:17 / All) lord-nadlei: u have a mh
(18:17 / All) 2851858158: I detonated all my bats but then there was all the ground
(18:20 / All) 2851858158: and it didn't matter
(18:20 / All) lord-nadlei: should tk him
(18:21 / All) 2851858158: so annoying
(18:22 / All) RideMyCarousel: no I don't you RETARD
(18:52 / All) SHAME-GAME.: where da fuk is blue
(18:55 / Allies) RideMyCarousel: orange you're probably the dumbest motherfucker I've ever seen on here next to blue
(20:19 / Allies) RideMyCarousel: go orange
(22:08 / All) RideMyCarousel: raped red
(22:13 / All) RideMyCarousel: rookie
(22:24 / All) RideMyCarousel: where u goin noobie?
(22:50 / All) SHAME-GAME.: yellow hu sorc nub
(22:53 / All) lord-nadlei: man u taking advantage of mh ally. u r trash
(23:06 / All) RideMyCarousel: lollll
(23:11 / All) RideMyCarousel: cry lil newbie
(23:22 / Allies) 2851858158: wood me
(23:30 / Allies) 2851858158: share some wood, pal?
(23:33 / Allies) 2851858158: you got almost 700
(23:39 / All) lord-nadlei: oh yeah. im crying
(23:41 / Allies) 2851858158: ty pink
(23:43 / Allies) 2851858158: now blue share some?
(23:46 / Allies) 2851858158: lumber hoarder elf
(23:49 / Allies) RideMyCarousel: orange 2k lumber
(23:59 / Allies) 2851858158: our whole team appears to be lumber hoarders
(24:07 / All) lord-nadlei: u r shamefull
(25:47 / All) SHAME-GAME.: fuck sorc so much
(26:03 / All) SHAME-GAME.: yellow is mad lol
(26:16 / All) 2851858158: GOT BOTH HEROES
(26:18 / All) 2851858158: DOUBLE KILL!!!
(26:19 / All) Wanderson.Cruz: free win guys
(26:23 / All) Wanderson.Cruz: gn
(26:24 / All) 2851858158: My bm is godly
(26:30 / All) 2851858158: pendant of energy, claws +9
(26:31 / All) 2851858158: perfect drops
(26:36 / All) Wanderson.Cruz: green 13k and gold
(26:40 / All) SHAME-GAME.: gonnna 1v4 u nubs
(26:49 / All) Wanderson.Cruz: is not easy polay a good game
(27:01 / All) Wanderson.Cruz: lot shit
(27:27 / All) SHAME-GAME.: i got a big dick
(27:39 / All) SHAME-GAME.: do uguys think meryl streep is a good actress
(27:52 / All) RideMyCarousel: never watched any movie she's in that I know of
(29:33 / All) SHAME-GAME.: woot got quake
(30:01 / All) Jimme: lol
(30:07 / All) SHAME-GAME.: hello again blue
(30:08 / All) RideMyCarousel: raped again jimme
(30:10 / All) Jimme: took two to tk
(30:12 / All) SHAME-GAME.: OSCARS #1
(30:12 / All) 2851858158: 3
(30:16 / All) Jimme: weak as
(30:16 / All) SHAME-GAME.: OSCARS VS TOWER
(30:20 / All) RideMyCarousel: durp you got hippos
(30:49 / All) Jimme: give u a tip noobs
(30:53 / All) SHAME-GAME.: out oj
(30:54 / All) SHAME-GAME.: out
(30:56 / All) Jimme: i dont leave tkers
(30:58 / All) RideMyCarousel: we don't need any of your tips rookie
(31:15 / All) SHAME-GAME.: we owned u last game blue we are doing it again
(31:21 / All) Jimme: so u give me win anyway
(31:33 / All) RideMyCarousel: HAHA
(31:34 / All) SHAME-GAME.: u woulda got a tie last game but u never left
(31:35 / All) RideMyCarousel: is that what you think?
(31:40 / All) RideMyCarousel: Why, you certainly are very slow!
(31:44 / All) 2851858158: Blue is very optimistic
(32:06 / All) SHAME-GAME.: 34:21 / All) Jimme: freehat is a tower noob
(32:07 / All) SHAME-GAME.: 34:21 / All) Jimme: freehat is a tower noob
(32:25 / Allies) RideMyCarousel: You didn't help my expo, you let my towers and two armies go to waste
(32:29 / Allies) RideMyCarousel: you deserve this, THIS IS REVENGE
(32:33 / Allies) RideMyCarousel: and it's a dish best served cold!
(32:35 / Allies) RideMyCarousel: OWNED!
(32:42 / All) SHAME-GAME.: oj is a try hard too
(33:27 / Allies) Jimme: i had not enough hips for tp then not that it matters as u obviously needed to lose
(33:36 / Allies) RideMyCarousel: HAHA
(33:40 / Allies) RideMyCarousel: I GOT MY REVENGE BUDDY BOY
(33:44 / Allies) RideMyCarousel: AND IT FELT SOOOO GOOD!
(34:15 / All) Jimme: sigh off to lunch
(35:35 / All) RideMyCarousel: RAPED
(35:38 / All) RideMyCarousel: REVENGE x2
(39:21 / All) 2851858158: 1/2 to my 3/3
(39:41 / All) SHAME-GAME.: woo im safe
(39:43 / All) SHAME-GAME.: wtf
(39:48 / All) 2851858158: lollll
(40:05 / All) SHAME-GAME.: "la la land" is apparently the big movie this oscars
(40:11 / All) SHAME-GAME.: won more awards than lotr
(40:29 / All) RideMyCarousel: oscars is horseshit anyway
(40:49 / All) RideMyCarousel: I don't think orange spoke english must be a gook
(40:57 / All) RideMyCarousel: that fucking dhawk lawl
(41:00 / All) RideMyCarousel: it wouldn't retreat
(41:09 / All) RideMyCarousel: the rest retreated but that one stayed attacking
(41:11 / All) RideMyCarousel: buggy ass game
(42:37 / All) RideMyCarousel: anything to add, jim?
(42:43 / All) 2851858158: Gave bob control brb few mins